Map: Lerilak Crest

Players

Tumescent

  • Race: Protoss Protoss
  • League: Diamond

LilDicky - Winner!

  • Race: Terran Terran
  • League: Diamond

VOD

http://www.twitch.tv/tumescentpie

Description

Time

  • Played on: Nov. 24, 2015, 2:35 p.m.
  • Length: 6:47
Show
View Real Time Build Order
Export as new Build Order

Tumescent Protoss 

Build Orders:  

Get SALT Encoding   

  12  0:03  Probe (Chrono Boost)  
  14  0:14  Probe (Chrono Boost)  
  14  0:19  Pylon  
  14  0:24  Probe (Chrono Boost)  
  15  0:37  Probe (Chrono Boost)  
  16  0:48  Probe (Chrono Boost)  
  17  0:58  Probe (Chrono Boost)  
  18  1:06  Nexus  
  18  1:15  Gateway  
  18  1:22  Assimilator  
  18  1:23  Probe (Chrono Boost)  
  19  1:34  Probe (Chrono Boost)  
  19  1:37  Assimilator  
  20  1:41  Pylon  
  20  1:46  Probe (Chrono Boost)  
  21  1:56  Probe (Chrono Boost)  
  22  2:02  Cybernetics Core  
  22  2:07  Probe (Chrono Boost)  
  23  2:17  Probe (Chrono Boost)  
  23  2:22  Gateway  
  24  2:26  Probe (Chrono Boost)  
  24  2:28  Probe (Chrono Boost)  
  27  2:37  Probe (Chrono Boost)  
  27  2:39  Mothership Core (Chrono Boost), Warp Gate  
  27  2:42  Stalker  
  31  2:47  Probe (Chrono Boost)  
  32  2:57  Probe (Chrono Boost)  
  32  2:58  Probe (Chrono Boost)  
  34  3:08  Probe x2 (Chrono Boost)  
  34  3:09  Stalker  
  34  3:12  Stalker  
  40  3:18  Probe (Chrono Boost)  
  40  3:19  Probe (Chrono Boost)  
  42  3:25  Pylon  
  42  3:29  Probe (Chrono Boost)  
  42  3:31  Robotics Facility  
  39  3:49  Stalker  
  41  3:57  Probe x2 (Chrono Boost)  
  41  3:58  Stalker  
  44  4:07  Assimilator  
  44  4:12  Assimilator  
  44  4:14  Probe (Chrono Boost)  
  44  4:17  Pylon  
  45  4:19  Observer (Chrono Boost)  
  46  4:27  Probe  
  46  4:29  Probe  
  48  4:34  Gateway  
  48  4:35  Gateway  
  48  4:46  Probe  
  48  4:47  Probe  
  50  5:04  Probe  
  50  5:05  Probe  
  52  5:12  Immortal (Chrono Boost)  
  56  5:16  Pylon  
  56  5:17  Probe  
  56  5:29  Pylon  
  52  5:36  Gateway  
  52  5:37  Gateway  
  52  5:39  Stalker  
  49  5:51  Sentry, Immortal (Chrono Boost)  
  49  5:56  Stalker  
  57  6:03  Pylon  
  57  6:04  Pylon  
  57  6:14  Pylon  
  57  6:16  Pylon  
  57  6:25  Probe  
  54  6:41  Stalker x2  
Show
View Real Time Build Order
Export as new Build Order

LilDicky Terran - Winner!

Build Orders: MMM Bio 

Get SALT Encoding   

  12  0:01  SCV  
  13  0:13  SCV  
  14  0:17  Supply Depot  
  14  0:26  SCV  
  15  0:37  Refinery  
  15  0:39  SCV  
  16  0:46  Barracks  
  16  0:51  SCV  
  17  1:03  SCV  
  18  1:15  SCV  
  19  1:27  SCV  
  20  1:35  Supply Depot  
  20  1:37  Marine  
  20  1:39  Orbital Command  
  21  1:45  Factory  
  21  1:55  Marine  
  22  2:04  Barracks  
  22  2:10  Barracks  
  22  2:15  Barracks Reactor  
  22  2:17  SCV  
  23  2:28  Refinery  
  23  2:29  SCV  
  24  2:41  SCV  
  25  2:45  Widow Mine  
  27  2:53  SCV  
  27  2:56  Barracks Tech Lab  
  27  2:57  Barracks Tech Lab  
  28  3:01  Supply Depot  
  27  3:06  SCV  
  27  3:07  Marine x2  
  27  3:12  Supply Depot  
  30  3:18  Stimpack  
  30  3:22  Widow Mine, Marine  
  30  3:23  Marine  
  30  3:25  Marine  
  35  3:33  Combat Shields  
  35  3:34  Marine  
  36  3:43  Marauder  
  36  3:45  Marauder  
  40  3:53  Widow Mine  
  42  4:04  Marauder  
  42  4:06  Marauder  
  46  4:16  SCV, Starport  
  47  4:44  Marine x2  
  47  4:45  Marauder x2  
  49  5:00  Medivac  
  49  5:02  Supply Depot, Marine x2  
  49  5:06  Marauder x2  
  55  5:13  Supply Depot  
  55  5:23  Marine  
  51  5:47  Marine x2  
  51  5:48  Medivac, Marauder  
  57  6:03  Marine  
  58  6:05  Marine  
  58  6:07  Command Center, SCV  
  58  6:10  Marauder  
  62  6:11  Marine  
  62  6:15  Supply Depot  
Tags
 
Add a new tag
Caveats
  • Supply blocks, unpowered buildings, or Contaminate may cause inaccurate times.
  • Supply counts are checked every 10 seconds.